cohdb
Replays
Latest Replays
All Replays
Popular Replays
Top Player Replays
Match Explorer
How It Works
Community
CoH3 Stats
Reddit
Sign in to upload your games and track your stats! →
Sign in with Steam
Match 41304619
Unlisted
Match 41304619
Overview
Messages
Build Orders
End
Selects Italian Combined Arms Battlegroup
Selects Bersaglieri Squad
Bersaglieri Squad
Panzerpioneer Squad
Bersaglieri Squad
Construct Light Support Kompanie
2.5-tonne Medical Truck
Bersaglieri Squad
Fire Support Elements
Selects Bersaglieri Bolster
Pak 38 Mechanized Group
Combat Half-tracks
Construct Panzerarmee Kommand
Selects Breda Model 30 Light Machine Guns
Bersaglieri Squad
Pak 38 Mechanized Group
Armored Reserves
Selects Semovente da 75/18 Assault Gun
Forward Retreat Point
Selects Strafing Run
Strafing Run
Selects Artillery Cover
Panzerpioneer Squad
Tiger Heavy Tank
Rapid Advance
Emergency Repair Kits
Tungsten Core Ammunition
Strafing Run
Panzer IV Assault Group
Strafing Run
Flak 36 Anti-tank Gun Team
Strafing Run
UH|dun! ツ
iceman
< blank >
Sunk Cost
SSG 08 Boy
ChristophHRO
0
0
Comments
sign in to comment!
No comments posted yet!